 Dungeon Crawl Stone Soup version 0.30.0-12-gd5a94ecb5d (webtiles) character file.

Game seed: 1366841064421754078

64 MountainCliff the Chopper (level 3, -4/33 HPs)
             Began as a Minotaur Berserker on May 15, 2023.
             Was a Believer of Trog.
             Slain by a gnoll
             ... wielding a +0 flail
              (7 damage)
             ... on level 2 of the Dungeon on May 17, 2023.
             The game lasted 00:17:48 (2126 turns).

MountainCliff the Chopper (Minotaur Berserker)      Turns: 2126, Time: 00:17:49

Health: -4/33      AC:  6    Str: 23    XL:     3   Next: 91%
Magic:  2/2        EV: 10    Int:  4    God:    Trog [**....]
Gold:   122        SH:  0    Dex:  9    Spells: 2/2 levels left

rFire   . . .        a - +0 hand axe
rCold   . . .        (no shield)
rNeg    . . .        o - +0 scale mail
rPois   .            (helmet restricted)
rElec   .            (no cloak)
rCorr   .            (no gloves)
SInv    .            (no boots)
Will    .....        (no amulet) Stlth
                     (no ring)
HPRegen 0.25/turn    (no ring)
MPRegen 0.08/turn

%: no passive effects
@: no status effects
A: horns 2, retaliatory headbutt
a: Renounce Religion, Berserk, Trog's Hand


You were on level 2 of the Dungeon.
You worshipped Trog.
Trog was pleased with you.
You visited 1 branch of the dungeon, and saw 2 of its levels.

You collected 122 gold pieces.

Inventory:

Hand Weapons
 a - a +0 hand axe (weapon)
Missiles
 n - 15 stones (quivered)
 p - 3 atropa-tipped darts
Armour
 b - a +0 animal skin
 l - a +0 robe
 m - a +0 leather armour
 o - a +0 scale mail (worn)
 q - a +0 ring mail
Jewellery
 h - a ring of resist corrosion
Scrolls
 c - a scroll of summoning {unknown}
 d - a scroll of magic mapping {unknown}
 g - 3 scrolls of identify {unknown}
 j - a scroll of enchant weapon {unknown}
 k - a scroll of fear {unknown}
Potions
 e - a potion of degeneration {unknown}
 f - a potion of resistance {unknown}
 i - a potion of attraction {unknown}
 r - a potion of mutation {unknown}


   Skills:
 - Level 4.3 Fighting
 + Level 5.1 Axes
 - Level 2.6 Armour
 - Level 2.4 Dodging


You had 2 spell levels left.
You didn't know any spells.
Your spell library contained the following spells:

 Spells                   Type           Power      Damage    Failure   Level
 Sandblast                Erth           0%         2d4       82%         1
 Passwall                 Tmut/Erth      0%         N/A       91%         2
 Stone Arrow              Conj/Erth      0%         3d7       99%         3
 Summon Guardian Golem    Hex/Summ       0%         N/A       99%         3
 Orb of Destruction       Conj           0%         9d5       100%        7
 Spellforged Servitor     Conj/Summ      0%         N/A       100%        7


Dungeon Overview and Level Annotations

Branches:
Dungeon (2/15)

Altars:


Innate Abilities, Weirdness & Mutations

You have a pair of horns on your head.
You reflexively headbutt those who attack you in melee.


Message History

You closely miss the hobgoblin.
The hobgoblin hits you but does no damage.
You hit the hobgoblin.
You kill the hobgoblin!
Trog accepts your kill.
You closely miss the gnoll. The gnoll hits you with a +0 flail.
You hit the gnoll. Your headbutt misses the gnoll.
The gnoll is lightly wounded.
The gnoll hits you with a +0 flail.
You hit the gnoll but do no damage. Your headbutt misses the gnoll.
The gnoll is lightly wounded.
The gnoll hits you with a +0 flail!
* * * LOW HITPOINT WARNING * * *
You closely miss the gnoll.
The gnoll is lightly wounded.
The gnoll closely misses you.
You closely miss the gnoll.
The gnoll is lightly wounded.
The gnoll closely misses you.
You closely miss the gnoll. You headbutt the gnoll.
The gnoll is moderately wounded.
The gnoll hits you but does no damage. The gnoll completely misses you.
You hit the gnoll.
The gnoll is moderately wounded.
The gnoll barely misses you.
You closely miss the gnoll.
The gnoll is moderately wounded.
The gnoll hits you with a +0 flail.
* * * LOW HITPOINT WARNING * * *
You slash the gnoll!
The gnoll is almost dead.
The gnoll closely misses you.
You closely miss the gnoll.
The gnoll is almost dead.
The gnoll hits you with a +0 flail.
* * * LOW HITPOINT WARNING * * *
You closely miss the gnoll.
The gnoll is almost dead.
The gnoll hits you with a +0 flail!
You die...

#.# #.# #.# ..
#.# .# #.# #.##
#.# .$. #.#
..##### #.#
.......
#.########...###.
#.....@gwg.......
##########.....##
....... .......
....... .......
##w..## ...#


You could see 2 gnolls and a dart slug.

Vanquished Creatures
  A gnoll (D:2)
  An adder (D:2)
  2 endoplasms
  2 giant cockroaches (D:1)
  5 hobgoblins
  7 jackals (D:1)
  2 quokkas
  3 ball pythons
  4 bats
  2 frilled lizards (D:1)
  5 goblins
  4 kobolds
  3 rats
41 creatures vanquished.

Notes
Turn   | Place    | Note
-------+----------+-------------------------------------------
     0 | D:1      | MountainCliff the Minotaur Berserker began the quest for
                  | the Orb.
     0 | D:1      | Reached XP level 1. HP: 19/19 MP: 0/0
   180 | D:1      | Reached XP level 2. HP: 27/27 MP: 1/1
   186 | D:1      | Reached skill level 4 in Axes
   444 | D:1      | Reached ** piety under Trog
   551 | D:1      | Reached XP level 3. HP: 33/33 MP: 2/2
  1088 | D:1      | Upgraded the game from 0.30.0-10-gfe55d96785 to
                  | 0.30.0-12-gd5a94ecb5d
  2113 | D:2      | Reached skill level 5 in Axes
  2126 | D:2      | Slain by a gnoll

Illustrated notes

Levels and vault maps discovered:
D:1:      heliophobic_arrival_henge, layout_basic,
          nicolae_concentric_dashed_squares_wild, amcnicky_mini_pool_small,
          minmay_misc_feat_iff
D:2:      layout_loops_ring

Skill      XL: |  1  2  3 |
---------------+----------+-----
Fighting       | 4 |  4.3
Axes           | 4 5 |  5.1
Armour         | |  2.6
Dodging        | |  2.4

Action                     || total
---------------------------++-------
  Melee: Hand axe          ||   100
         Headbutt          ||    14
         Punch             ||     3
   Stab: Sleeping          ||     1
 Armour: Animal skin       ||    15
         Scale mail        ||    17
  Dodge: Dodged            ||    48
